 Dungeon Crawl Stone Soup version 0.26-a0-317-ge2f3d4a7ca (webtiles) character file.

Game seed: 17637884470438256742

20890 ANON1729 the Blocker (level 12, -4/122 HPs)
             Began as a Troll Fighter on July 16, 2020.
             Was an Elder of Ru.
             Slain by Jorgrun
             ... wielding an uncursed staff of earth
              (19 damage)
             ... on level 13 of the Dungeon.
             The game lasted 00:29:55 (14548 turns).

ANON1729 the Blocker (Troll Fighter)               Turns: 14548, Time: 00:29:56

Health: -4/122     AC: 15    Str: 31    XL:     12   Next: 49%
Magic:  0/11       EV:  4    Int:  4    God:    Ru [****..]
Gold:   812        SH: 11    Dex:  9    Spells: 11/11 levels left

rFire    + . .     SeeInvis .   a - +1 rapier
rCold    x . .     Faith    .   c - +0 kite shield
rNeg     . . .     Spirit   +   H - +0 swamp dragon scales
rPois    +         Reflect  .   (helmet restricted)
rElec    .         Harm     .   (no cloak)
rCorr    .                      (gloves unavailable)
MR       .....                  (boots unavailable)
Stlth    ..........             B - amulet of guardian spirit
HPRegen  0.70/turn              U - ring of fire
MPRegen  0.12/turn              n - +4 ring of protection

@: grasped by roots, very slightly contaminated, constricted
A: large, unfitting armour, claws 3, regeneration 1, shaggy fur 1, tough skin 3,
hated by all, reduced EV 1, unskilled 1
a: Draw Out Power, Power Leap, Renounce Religion


You were on level 13 of the Dungeon.
You worshipped Ru.
Ru was greatly pleased with you.
You visited 2 branches of the dungeon, and saw 14 of its levels.
You also visited: Sewer.

You collected 812 gold pieces.

Inventory:

Hand Weapons
 a - a +1 rapier (weapon)
Missiles
 P - 46 arrows
Armour
 c - a +0 kite shield (worn)
 w - a +0 cloak
 E - a +2 robe of magic resistance
 H - +0 swamp dragon scales (worn)
 O - a +0 troll leather armour
Jewellery
 i - an uncursed ring of protection from magic
 n - a +4 ring of protection (right claw)
 r - an uncursed ring of resist corrosion
 B - an amulet of guardian spirit (around neck)
 M - an uncursed ring of protection from magic
 Q - an uncursed amulet of the acrobat {unknown}
 S - a +6 ring of intelligence
 U - a ring of fire (left claw)
 V - an uncursed ring of wizardry {unknown}
Wands
 b - a wand of acid (18)
 C - a wand of random effects (5)
 D - a wand of flame (12)
 G - a wand of disintegration (8)
 K - a wand of digging (6)
 N - a wand of polymorph (8)
 R - a wand of clouds (4)
 T - a wand of iceblast (8)
Scrolls
 e - 2 scrolls of immolation
 k - 10 scrolls of teleportation
 m - 9 scrolls of identify {unknown}
 p - 3 scrolls of amnesia
 q - 6 scrolls of remove curse
 s - 3 scrolls of blinking
 v - 3 scrolls of magic mapping
 x - 3 scrolls of fog {unknown}
 y - 4 scrolls of enchant weapon
 F - a scroll of torment {unknown}
 J - a scroll of enchant armour {unknown}
 L - a scroll of noise {unknown}
Potions
 d - 4 potions of might
 f - 2 potions of cancellation {unknown}
 g - 3 potions of magic {unknown}
 h - 7 potions of heal wounds {unknown}
 j - 8 potions of curing
 l - 2 potions of mutation {unknown}
 o - 2 potions of resistance {unknown}
 t - 3 potions of haste {unknown}
 u - a potion of degeneration {unknown}
 z - 8 potions of brilliance {unknown}
 A - 3 potions of stabbing {unknown}
 I - a potion of invisibility {unknown}


   Skills:
 + Level 8.5 Fighting
 + Level 8.3 Short Blades
 + Level 8.5 Dodging
 + Level 8.5 Shields


You had 11 spell levels left.
You didn't know any spells.
Your spell library contained the following spells:

 Spells                   Type           Power        Failure   Level
 Apportation              Tloc           #.....       65%         1
 Corona                   Hex            #......      65%         1
 Magic Dart               Conj           #...         65%         1
 Blink                    Tloc           N/A          80%         2
 Slow                     Hex            #.......     80%         2
 Conjure Flame            Conj/Fire      #.......     95%         3
 Mephitic Cloud           Conj/Pois/Air  #.......     95%         3
 Animate Skeleton         Necr           Unusable     N/A         1
 Summon Small Mammal      Summ           Unusable     N/A         1
 Call Imp                 Summ           Unusable     N/A         2

Dungeon Overview and Level Annotations

Branches:
Dungeon (13/15)            Temple (1/1) D:4            Lair (0/6) D:10
    Orc (0/2) D:11          Sewer (visited)
 Vaults: D:13-14

Altars:
Ashenzari
Cheibriados
Dithmenos
Elyvilon
Fedhas
Gozag
Hepliaklqana
Kikubaaqudgha
Makhleb
Nemelex Xobeh
Okawaru
Qazlal
Ru
Sif Muna
Trog
Uskayaw
Vehumet
Wu Jian
Xom
Yredelemnul
Zin
The Shining One

Shops:
D:10 =

Annotations:
D:13 Jorgrun


Innate Abilities, Weirdness & Mutations

You are too large for most types of armour.
You have claws for hands.
Your natural rate of healing is unusually fast.
You are covered in fur. (AC +1)
You have extremely tough skin. (AC +3)
You are hated by all.
You have somewhat slow reflexes. (EV -5)
You are somewhat unskilled. (-1 Apt)


Message History

You are very lightly contaminated with residual magic.
As you read the scroll of blinking, it crumbles to dust.
Jorgrun points at you and mumbles some strange words.
Roots burst forth from the earth!
The grasping roots grab you!
* * * LOW HITPOINT WARNING * * *
The grasping roots constrict you!
Found 22 gold pieces and a long sword.
The roots' grasp on you weakens, but your attempt to escape fails.
Jorgrun stops glowing.
Jorgrun gestures at the slime creature while chanting.
The wall shatters!
The blast of rock fragments hits you but does no damage.
* * * LOW HITPOINT WARNING * * *
The grasping roots constrict you!
The slime creature quivers.
Unknown command.
You feel better.
Two slime creatures merge to form a large slime creature.
You die...

#...........#.......
#..................
#..................
####..g..............
....................†
.......J.#..........<
...................).
...#JJ...............
...#@................
.$.............##...#...
#...............###.#...
#.).##.......... ......
... ##........ #......
.. ##..###.# ..... . ..#
# .##


You could see Jorgrun, a large slime creature and 2 slime creatures.

Vanquished Creatures
  Harold (D:8)
  A hydra (D:12)
  4 two-headed ogres
  A centaur warrior (D:12)
  Nergalle (D:11)
  An unseen horror (D:11)
  Pikel (D:4)
  5 ugly things
  A deep elf mage (D:13)
  2 cyclopes (D:11)
  2 manticores
  Maurice (D:12)
  Maggie (D:8)
  A troll (D:12)
  Prince Ribbit (D:5)
  A hippogriff (D:11)
  Sigmund (D:5)
  2 shadows
  4 wraiths (D:12)
  A vampire (D:12)
  2 wyverns
  6 yaks
  A steam dragon (D:10)
  Menkaure (D:4)
  Edmund (D:7)
  A water moccasin (D:6)
  A soldier ant (D:11)
  4 orc warriors
  5 sky beasts
  4 black bears
  3 ice beasts
  9 ogres
  3 phantoms
  3 centaurs
  2 lemures (D:4)
  A crocodile (D:9)
  2 big kobolds
  9 bullfrogs
  A wyvern zombie (D:11)
  A gnoll sergeant (D:10)
  3 scorpions
  12 killer bees
  A water moccasin skeleton (D:8)
  8 wights
  4 howler monkeys
  4 bullfrog zombies
  A crimson imp (D:4)
  A quasit (D:10)
  2 centaur zombies
  12 orc wizards
  5 jellies
  8 orc priests
  2 bullfrog skeletons
  3 centaur skeletons
  2 hounds
  Natasha (thrice) (D:2)
  4 iguanas
  9 worker ants
  Ijyb (D:5)
  4 hound skeletons
  A hound zombie (D:4)
  14 gnolls
  13 adders
  11 river rats (Sewer)
  A shadow imp (D:6)
  3 white imps
  6 ufetubi
  An adder skeleton (D:7)
  2 worms
  A dart slug (D:1)
  6 leopard geckos
  35 orcs
  6 ball pythons
  6 bats
  4 giant cockroaches
  13 goblins
  4 hobgoblins
  6 jackals
  28 kobolds
  6 quokkas
  3 frilled lizards
  4 jackal zombies (D:4)
  A leopard gecko skeleton (D:8)
  A quokka zombie (D:4)
  23 rats
381 creatures vanquished.

Vanquished Creatures (others)
  A two-headed ogre (D:12)
  A yak (D:9)
  A big kobold (D:12)
  A bullfrog zombie (D:12)
  A bullfrog skeleton (D:10)
  An orc wizard (D:10)
  An adder (D:12)
  3 orcs
  3 kobolds (D:12)
  A bush (D:11)
14 creatures vanquished.

Grand Total: 395 creatures vanquished

Notes
Turn   | Place    | Note
-------+----------+-------------------------------------------
     0 | D:1      | ANON1729 the Troll Fighter began the quest for the Orb.
     0 | D:1      | Reached XP level 1. HP: 22/22 MP: 0/0
   255 | D:1      | Reached XP level 2. HP: 29/29 MP: 1/1
   724 | D:1      | Reached XP level 3. HP: 36/36 MP: 2/2
  1278 | D:2      | Noticed Natasha
  1291 | D:2      | Killed Natasha
  1291 | D:2      | Reached XP level 4. HP: 31/44 MP: 3/3
  1392 | D:2      | Noticed Natasha
  1405 | D:2      | Killed Natasha
  1668 | D:2      | Reached XP level 5. HP: 53/53 MP: 4/4
  1844 | D:2      | Noticed Natasha
  1869 | D:2      | Killed Natasha
  2033 | D:3      | Found a glowing drain.
  2037 | Sewer    | Entered a sewer
  2356 | Sewer    | Reached XP level 6. HP: 50/61 MP: 5/5
  3242 | D:3      | Reached XP level 7. HP: 68/68 MP: 6/6
  3399 | D:3      | You fall into a shaft and drop 3 floors!
  4185 | D:6      | Reached XP level 8. HP: 79/79 MP: 7/7
  4238 | D:5      | Entered Level 5 of the Dungeon
  4637 | D:5      | Noticed Sigmund
  4653 | D:5      | Killed Sigmund
  4754 | D:5      | Noticed Prince Ribbit
  4780 | D:5      | Killed Prince Ribbit
  4780 | D:5      | Reached skill level 5 in Fighting
  4780 | D:5      | Reached skill level 5 in Dodging
  4780 | D:5      | Reached skill level 5 in Shields
  4941 | D:5      | Noticed Ijyb
  4947 | D:5      | Killed Ijyb
  5184 | D:4      | Reached skill level 5 in Short Blades
  5202 | D:4      | Noticed Edmund
  5353 | D:4      | Found a burning altar of Makhleb.
  5353 | D:4      | Found a radiant altar of Vehumet.
  5384 | D:4      | Found a staircase to the Ecumenical Temple.
  5442 | D:4      | Noticed Menkaure
  5444 | D:4      | Noticed Pikel
  5449 | D:4      | Killed Menkaure
  5449 | D:4      | Reached XP level 9. HP: 70/88 MP: 6/8
  5492 | D:4      | Killed Pikel
  5686 | Temple   | Entered the Ecumenical Temple
  5879 | Temple   | Became a worshipper of Ru the Awakened
  6550 | D:7      | Found a glowing silver altar of Zin.
  6809 | D:7      | Found an opulent altar of Gozag.
  6864 | D:7      | Killed Edmund
  7247 | D:8      | Noticed a two-headed ogre
  7247 | D:8      | Noticed Harold
  7267 | D:8      | Killed a two-headed ogre
  7267 | D:8      | Reached XP level 10. HP: 30/100 MP: 2/9
  7274 | D:8      | Killed Harold
  7532 | D:8      | Gained mutation: You are hated by all. [Ru sacrifice]
  7532 | D:8      | Reached * piety under Ru
  7595 | D:8      | Noticed Maggie
  7615 | D:8      | Killed Maggie
  7817 | D:8      | Found a bloodstained altar of Trog.
  8624 | D:9      | Noticed a two-headed ogre
  8683 | D:9      | Killed a two-headed ogre
  8856 | D:9      | Reached XP level 11. HP: 58/109 MP: 4/10
  9288 | D:9      | Found a shimmering altar of Xom.
  9288 | D:9      | Found a stormy altar of Qazlal.
  9292 | D:9      | Found a sparkling altar of Nemelex Xobeh.
  9294 | D:9      | Found a blossoming altar of Fedhas.
  9294 | D:9      | Found an iron altar of Okawaru.
  9295 | D:9      | Found a hide-covered altar of Uskayaw.
  9296 | D:9      | Found a basalt altar of Yredelemnul.
  9297 | D:9      | Found a hazy altar of Hepliaklqana.
  9588 | D:10     | Entered Level 10 of the Dungeon
  9603 | D:10     | Found a staircase to the Lair.
  9635 | D:10     | Gained mutation: You are somewhat unskilled. (-1 Apt) [Ru
                  | sacrifice]
  9635 | D:10     | Reached ** piety under Ru
  9635 | D:10     | Reached *** piety under Ru
 10834 | D:10     | Found Yreeryefaph's Jewellery Shop.
 11190 | D:11     | Noticed a two-headed ogre
 11190 | D:11     | Noticed a brown ugly thing
 11357 | D:11     | Killed a two-headed ogre
 11470 | D:11     | Killed a brown ugly thing
 11915 | D:11     | Found a staircase to the Orcish Mines.
 12012 | D:11     | Noticed Nergalle
 12027 | D:11     | Killed Nergalle
 12028 | D:11     | Killed an unseen horror
 12291 | D:11     | Noticed a red ugly thing
 12311 | D:11     | Killed a red ugly thing
 12317 | D:11     | Gained mutation: You have somewhat slow reflexes. (EV -5)
                  | [Ru sacrifice]
 12317 | D:11     | Reached **** piety under Ru
 12375 | D:11     | Noticed a two-headed ogre
 12388 | D:11     | Killed a two-headed ogre
 12590 | D:12     | Noticed a centaur warrior
 12592 | D:12     | Noticed a brown ugly thing
 12609 | D:12     | Killed a centaur warrior
 12609 | D:12     | Reached XP level 12. HP: 91/119 MP: 9/11
 12715 | D:12     | Noticed a two-headed ogre
 12733 | D:12     | Killed a two-headed ogre
 12823 | D:12     | Noticed an eight-headed hydra
 12825 | D:12     | Noticed Maurice
 12868 | D:12     | Killed Maurice
 12880 | D:12     | Killed an eight-headed hydra
 14532 | D:13     | Noticed Jorgrun
 14547 | D:13     | HP: 6/122 [Jorgrun/uncursed staff of earth (9)]
 14548 | D:13     | Slain by Jorgrun

Illustrated notes

Levels and vault maps discovered:
D:1:      zaba_arrival_water, layout_basic, serial_forest,
          infiniplex_forest_straight_2, infiniplex_forest_end_3,
          infiniplex_forest_corner_1, infiniplex_forest_clump_diagonal,
          infiniplex_forest_clump_cross, infiniplex_forest_clump_curved
D:2:      layout_basic, uniq_natasha
D:3:      layout_loops_ring, gup_sewer_entry_spiral
D:4:      layout_rooms, grunt_temple_overflow_lords_of_destruction,
          minmay_temple_entry_slanted, serial_undead, serial_undead_f,
          serial_undead_e, serial_undead_b, serial_undead_b, serial_undead_b,
          serial_undead_c, uniq_pikel, uniq_menkaure, uniq_edmund
D:5:      layout_loops_ring, uniq_prince_ribbit1, uniq_sigmund, uniq_ijyb
D:6:      layout_loops_ring, serial_bayou_pond_e
D:7:      layout_loops_ring, kennysheep_little_box, grunt_gozag_statues
D:8:      layout_basic, bloody_trog, uniq_harold, uniq_maggie
D:9:      layout_loops_ring, minitemple, minmay_fractal_squares_5
D:10:     layout_grid_maze, lair_entry_dummy, serial_shops, kennysheep_mini
D:11:     layout_roguey, orc_0_dummy, kb_lookout_dungeons_type, minmay_puff,
          uniq_nergalle
D:12:     layout_loops_cross, lemuel_old_faithful, uniq_maurice
D:13:     layout_cave_pools, grunt_vaults_entry_fortified, uniq_jorgrun,
          uniq_josephine, uniq_azrael
Temple:   jpeg_temple_island

Skill      XL: |  1  2  3  4  5  6  7  8  9 10 11 12 |
---------------+-------------------------------------+-----
Short Blades   | 2 3 4 5 6 7 7 8 |  8.3
Fighting       | 3 4 5 6 7 8 |  8.5
Dodging        | 3 4 5 6 7 8 |  8.5
Shields        | 3 4 5 6 7 8 |  8.5

Action                   |  1- 3 |  4- 6 |  7- 9 | 10-12 || total
-------------------------+-------+-------+-------+-------++-------
Melee: Rapier            |   127 |   391 |   618 |  1275 ||  2411
Invok: Sacrifice Love    |       |       |       |     1 ||     1
       Sacrifice Health  |       |       |       |     1 ||     1
       Sacrifice Skill   |       |       |       |     1 ||     1
Evoke: Wand              |       |       |     2 |    17 ||    19
  Use: Scroll            |       |     9 |       |     2 ||    11
       Potion            |       |     1 |       |     1 ||     2
 Stab: Sleeping          |     1 |     1 |     1 |       ||     3
       Invisible         |       |       |       |     5 ||     5
       Distracted        |       |       |       |     2 ||     2
Armor: Robe              |    36 |   216 |   242 |     2 ||   496
       Swamp dragon scal |       |       |       |   469 ||   469
Dodge: Dodged            |    33 |   195 |   258 |   391 ||   877
Block: Kite shield       |    51 |   260 |   353 |   632 ||  1296

Table legend:
 A = Non-vault XP
 B = Vault XP
 C = Vault XP percentage of total XP
 D = Non-vault monster count
 E = Vault monster count
 F = Vault count percentage of total count
                 A         B        C        D         E       F
            +---------+---------+-------+---------+---------+-------
      Total |   20796 |    9047 |  30.3 |     283 |      98 |  25.7
            +---------+---------+-------+---------+---------+-------
        D:1 |      41 |       0 |   0.0 |      22 |       0 |   0.0
        D:2 |     154 |      36 |  18.9 |      24 |       1 |   4.0
        D:3 |     141 |      29 |  17.1 |      24 |       8 |  25.0
        D:4 |     152 |    1098 |  87.8 |       7 |      15 |  68.2
        D:5 |     330 |     528 |  61.5 |      12 |       3 |  20.0
        D:6 |     848 |       0 |   0.0 |      29 |       0 |   0.0
        D:7 |    1212 |     164 |  11.9 |      19 |       1 |   5.0
        D:8 |    2049 |    1381 |  40.3 |      24 |       2 |   7.7
        D:9 |    1921 |    1528 |  44.3 |      28 |       8 |  22.2
       D:10 |    1973 |       0 |   0.0 |      40 |       0 |   0.0
       D:11 |    4327 |    2892 |  40.1 |      17 |       8 |  32.0
       D:12 |    6457 |    1046 |  13.9 |      33 |       4 |  10.8
       D:13 |    1191 |       0 |   0.0 |       4 |       0 |   0.0
      Sewer |       0 |     345 | 100.0 |       0 |      48 | 100.0
            +---------+---------+-------+---------+---------+-------
